 Dungeon Crawl Stone Soup version 0.19.0 (webtiles) character file.

57619 Danakh the Severer (level 14, -5/131 (132) HPs)
             Began as a Minotaur Fighter on Nov 5, 2016.
             Was the Champion of Okawaru.
             Slain by an ice devil (8 damage)
             ... summoned by an orc sorcerer
             ... while paralysed by an orc sorcerer
             ... on level 2 of the Orcish Mines.
             The game lasted 00:50:52 (16647 turns).

Danakh the Severer (Minotaur Fighter)              Turns: 16647, Time: 00:50:52

HP:   -5/131 (132)  AC: 23    Str: 25    XL:     14   Next: 46%
MP:   8/15          EV:  2    Int:  5    God:    Okawaru [******]
Gold: 1647          SH:  0    Dex: 14    Spells: 0 memorised, 13 levels left

rFire  . . .     SeeInvis +     D - +1 war axe (freeze)
rCold  . . .     Gourm    .     g - +0 plate armour
rNeg   . . .     Faith    .     c - +0 shield
rPois  .         Spirit   .     B - +1 hat {SInv}
rElec  .         Reflect  .     a - +0 cloak
rCorr  .         Harm     .     j - +1 pair of gloves
MR     +....     Rnd*Rage +     y - +0 pair of boots (curse)
Stlth  ..........               H - amulet of regeneration
                                Y - ring of loudness (curse)
                                A - +3 ring of dexterity

@: paralysed, very slightly contaminated, hasted
A: retaliatory headbutt, horns 2, berserk 1, deterioration 1
a: Heroism, Finesse, Renounce Religion


You were on level 2 of the Orcish Mines.
You worshipped Okawaru.
Okawaru was exalted by your worship.
You were not hungry.

You visited 4 branches of the dungeon, and saw 21 of its levels.

You collected 1647 gold pieces.

Inventory:

Hand Weapons
 D - a +1 war axe of freezing (weapon)
 I - a +3 trident of piercing
Armour
 a - a +0 cloak (worn)
 c - a +0 shield (worn)
 g - a +0 plate armour (worn)
 j - a +1 pair of gloves (worn)
 w - a +1 pair of boots of stealth
 y - a cursed +0 pair of boots (worn)
 B - a +1 hat of see invisible (worn)
Jewellery
 l - a +3 ring of dexterity
 p - an uncursed ring of fire
 A - a +3 ring of dexterity (left hand)
 H - an amulet of regeneration (around neck)
 J - an uncursed ring of magical power
 T - an uncursed ring of ice
 Y - a cursed ring of loudness (right hand)
 Z - an uncursed ring of flight
Wands
 u - a wand of hasting (3/9)
 L - a wand of lightning (10/15)
 N - a wand of disintegration (2/24)
Scrolls
 h - 4 scrolls of identify {unknown}
 n - 4 scrolls of remove curse {unknown}
 r - a scroll of amnesia {unknown}
 s - 3 scrolls of blinking {unknown}
 x - a scroll of enchant armour {unknown}
 z - a scroll of acquirement {unknown}
 G - a scroll of immolation {unknown}
 M - a scroll of summoning {unknown}
 Q - a scroll of enchant weapon {unknown}
 S - a scroll of fog {unknown}
 W - a scroll of recharging {unknown}
Potions
 b - a potion of invisibility {unknown}
 e - 3 potions of cancellation {unknown}
 i - a potion of cure mutation {unknown}
 k - 4 potions of curing {unknown}
 m - a potion of might
 o - 2 potions of magic {unknown}
 q - a potion of agility {unknown}
 P - 2 potions of flight {unknown}
 U - a potion of brilliance {unknown}
Miscellaneous
 d - a phial of floods
Comestibles
 f - 9 bread rations
 t - 29 fruits
 v - 2 chunks of flesh
 E - 8 meat rations
 K - 2 beef jerkies
 R - 24 royal jellies


   Skills:
 + Level 14.2 Fighting
 * Level 17.9 Axes
 + Level 13.6 Armour
 + Level 13.8 Shields
 + Level 2.9 Invocations


You had 13 spell levels left.
You didn't know any spells.

Dungeon Overview and Level Annotations

Branches:
Dungeon (12/15)            Temple (1/1) D:5            Lair (6/6) D:10
 Shoals (0/4) Lair:2       Spider (0/4) Lair:4        Slime (0/5) Lair:6
    Orc (2/2) D:12            Elf (0/3) Orc:2

Altars:
Ashenzari
Cheibriados
Dithmenos
Elyvilon
Fedhas
Gozag
Hepliaklqana
Kikubaaqudgha
Makhleb
Nemelex Xobeh
Okawaru
Qazlal
Ru
Sif Muna
Trog
Uskayaw
Vehumet
Xom
Yredelemnul
Zin
The Shining One

Shops:
D:4 %   D:5 !   Orc:1 (   Orc:2 (


Innate Abilities, Weirdness & Mutations

You reflexively headbutt those who attack you in melee.
You have a pair of horns on your head.
You tend to lose your temper in combat.
Your body sometimes deteriorates upon taking damage.


Message History

You feel your power leaking away.
The orc sorcerer hits you but does no damage.
The orc warrior barely misses you.
The orc wizard casts a spell.
The orc wizard flickers and vanishes for a moment.
The ice devil hits you but does no damage.
The orc warrior hits you but does no damage.
The orc sorcerer hits you with a dagger.
* * * LOW HITPOINT WARNING * * *
The orc priest hits you but does no damage.
The orc warlord roars a battlecry!
You feel like a meek peon again. The chaos spawn completely misses you.
The orc sorcerer hits you but does no damage.
The orc warrior hits you from afar with a trident!
* * * LOW HITPOINT WARNING * * *
The ice devil hits you!
* * * LOW HITPOINT WARNING * * *
The ice devil freezes you!
You die...

##........# #......#.##
##....#### #.......###
###.......##
#........#####
#.........##.###
##.o.....##....###
##@o.....#.#.....##
#4o4o.............#
#oo.o............##
#.o..............# .
#o.o............##
..######ooo...###......#
...o.oo#o.....##......##
....o.)#o4.............##
.oo.ooo..ยง..............#


You could see an orc warlord, an orc knight, an ice devil, a rust devil, a chaos
spawn, 2 orc sorcerers, 5 orc warriors, 3 orc priests, 2 orc wizards and an orc.

Vanquished Creatures
  A dire elephant (Lair:5)
  7 hydras
  Fannar (Orc:1)
  Erica (D:8)
  10 death yaks
  3 hill giants
  2 orc knights
  An orc sorcerer (Orc:1)
  2 oklob plants (D:12)
  13 elephants
  2 wolf spiders (Lair:3)
  A cyclops (D:11)
  Joseph (D:8)
  5 black mambas
  9 spiny frogs
  4 komodo dragons
  A rime drake (Lair:6)
  4 trolls
  2 queen bees
  5 jumping spiders (Lair:4)
  A polar bear (Lair:5)
  A hornet (D:12)
  18 blink frogs
  5 slime creatures
  4 hippogriffs
  2 shadows (D:11)
  2 redbacks (Lair:4)
  5 wyverns
  A vampire (D:10)
  A wraith (D:11)
  31 yaks
  2 basilisks
  3 wargs
  16 water moccasins
  3 porcupines
  2 black bears
  3 ice beasts
  22 orc warriors
  2 sky beasts
  10 ogres
  3 necrophages
  9 wolves
  A phantom (D:6)
  11 centaurs
  14 crocodiles
  6 big kobolds
  A wyvern zombie (D:12)
  12 bullfrogs
  2 gnoll sergeants
  4 scorpions
  54 killer bees
  12 wights
  3 howler monkeys (D:9)
  Crazy Yiuf (D:7)
  A bullfrog zombie (D:8)
  2 crimson imps (D:11)
  8 orc priests
  12 hounds
  A quasit (D:8)
  2 bullfrog skeletons (D:9)
  A centaur skeleton (D:9)
  A jelly (Lair:6)
  4 iguanas
  16 orc wizards
  7 worker ants
  A hound zombie (D:11)
  3 hound skeletons
  A howler monkey zombie (D:6)
  A worker ant zombie (D:7)
  12 gnolls
  19 adders
  2 howler monkey skeletons
  A shadow imp (D:7)
  4 oozes
  4 worms
  A dart slug (D:2)
  5 leopard geckos
  67 orcs
  4 bats
  5 giant cockroaches
  10 goblins
  2 hobgoblins
  2 jackals (D:3)
  21 kobolds
  6 quokkas
  6 frilled lizards
  A leopard gecko skeleton (D:6)
  A leopard gecko zombie (D:8)
  A quokka skeleton (D:8)
  A quokka zombie (D:7)
  14 rats
  7 plants
599 creatures vanquished.

Vanquished Creatures (others)
  A centaur (D:12)
  A plant (Lair:3)
2 creatures vanquished.

Grand Total: 601 creatures vanquished

Notes
Turn   | Place    | Note
-------+----------+-------------------------------------------
     0 | D:1      | Danakh the Minotaur Fighter began the quest for the Orb.
     0 | D:1      | Reached XP level 1. HP: 19/19 MP: 0/0
    44 | D:1      | Reached XP level 2. HP: 27/27 MP: 1/1
   353 | D:1      | Reached skill level 3 in Axes
   620 | D:2      | Reached XP level 3. HP: 32/33 MP: 2/2
   959 | D:2      | Reached XP level 4. HP: 34/41 MP: 3/3
  1101 | D:3      | Reached skill level 4 in Axes
  1240 | D:3      | Reached XP level 5. HP: 46/47 MP: 4/4
  2122 | D:4      | Found Ibrohapo's Food Shoppe.
  2332 | D:4      | Reached skill level 5 in Fighting
  2376 | D:4      | Reached skill level 5 in Axes
  2376 | D:4      | Reached skill level 5 in Shields
  2376 | D:4      | Reached XP level 6. HP: 13/56 MP: 5/5
  3012 | D:5      | Entered Level 5 of the Dungeon
  3037 | D:5      | Reached skill level 5 in Armour
  3057 | D:5      | Noticed a water moccasin
  3065 | D:5      | Killed a water moccasin
  3102 | D:5      | You fall through a shaft for 3 floors!
  3117 | D:8      | Reached skill level 6 in Axes
  3117 | D:8      | Reached XP level 7. HP: 40/60 MP: 6/6
  3393 | D:8      | Reached skill level 7 in Axes
  3400 | D:8      | Noticed Joseph
  3402 | D:8      | Reached XP level 8. HP: 30/69 MP: 7/7
  3787 | D:7      | Found a runed door.
  3791 | D:7      | Noticed Crazy Yiuf
  3795 | D:7      | Killed Crazy Yiuf
  3977 | D:7      | Found a bloodstained altar of Trog.
  4050 | D:7      | Reached skill level 8 in Axes
  4282 | D:5      | Found Tehukoups's Distillery.
  4329 | D:5      | Found a burning altar of Makhleb.
  4400 | D:5      | Found a staircase to the Ecumenical Temple.
  4408 | Temple   | Entered the Ecumenical Temple
  4515 | Temple   | Became a worshipper of Warmaster Okawaru
  4838 | D:6      | Found an ancient bone altar of Kikubaaqudgha.
  4840 | D:6      | Found a shattered altar of Ashenzari.
  4855 | D:6      | Reached skill level 9 in Axes
  4857 | D:6      | Reached XP level 9. HP: 40/78 MP: 8/8
  4965 | D:6      | Reached * piety under Okawaru
  5046 | D:6      | Found a bloodstained altar of Trog.
  5122 | D:6      | Reached skill level 10 in Axes
  5466 | D:8      | Noticed Erica
  5474 | D:8      | Killed Erica
  5474 | D:8      | Reached ** piety under Okawaru
  5601 | D:8      | Killed Joseph
  5601 | D:8      | Reached skill level 11 in Axes
  5601 | D:8      | Reached XP level 10. HP: 69/89 MP: 9/9
  5904 | D:9      | Reached *** piety under Okawaru
  6298 | D:9      | Reached skill level 12 in Axes
  6324 | D:9      | Reached **** piety under Okawaru
  6369 | D:9      | Reached skill level 10 in Fighting
  6394 | D:9      | Reached skill level 10 in Shields
  6396 | D:9      | HP: 3/92 [killer bee (5)]
  6402 | D:9      | HP: 2/92 [poisoned by a killer bee]
  6408 | D:9      | HP: 3/92 [poisoned by a killer bee]
  6901 | D:10     | Entered Level 10 of the Dungeon
  6912 | D:10     | Reached XP level 11. HP: 98/98 MP: 10/10
  7049 | D:10     | Noticed a hill giant
  7054 | D:10     | Killed a hill giant
  7054 | D:10     | Reached ***** piety under Okawaru
  7101 | D:10     | Noticed a death yak
  7101 | D:10     | Found a staircase to the Lair.
  7177 | D:9      | Killed a death yak
  7177 | D:9      | Reached skill level 10 in Armour
  7484 | D:10     | Noticed a hill giant
  7494 | D:10     | Killed a hill giant
  7494 | D:10     | Reached skill level 13 in Axes
  8056 | D:10     | Gained mutation: Your body sometimes deteriorates upon taking damage. [mutagenic meat]
  8057 | D:10     | Gained mutation: You tend to lose your temper in combat. [mutagenic meat]
  8158 | Lair:1   | Entered Level 1 of the Lair of Beasts
  8158 | Lair:1   | Noticed a seven-headed hydra
  8428 | D:11     | Received a gift from Okawaru
  8936 | D:11     | Noticed a hill giant
  8951 | D:11     | Killed a hill giant
  9319 | Lair:1   | Killed a seven-headed hydra
  9319 | Lair:1   | Reached skill level 14 in Axes
  9461 | Lair:1   | Reached XP level 12. HP: 89/109 MP: 11/11
 10233 | Lair:2   | Found a staircase to the Shoals.
 10245 | Lair:2   | Received a gift from Okawaru
 10972 | Lair:3   | Found a blossoming altar of Fedhas.
 11199 | Lair:3   | Reached skill level 15 in Axes
 11465 | Lair:4   | Noticed a death yak
 11466 | Lair:4   | Noticed a death yak
 11467 | Lair:4   | Noticed a death yak
 11477 | Lair:4   | Killed a death yak
 11482 | Lair:4   | Reached ****** piety under Okawaru
 11486 | Lair:4   | Killed a death yak
 11488 | Lair:4   | Killed a death yak
 11863 | Lair:4   | Reached XP level 13. HP: 106/118 MP: 12/12
 11906 | Lair:4   | Received a gift from Okawaru
 12058 | Lair:4   | Found a hole to the Spider Nest.
 12123 | Lair:4   | Reached skill level 16 in Axes
 12680 | Lair:5   | Noticed a dire elephant
 12700 | Lair:5   | Killed a dire elephant
 13213 | Lair:5   | Received a gift from Okawaru
 13219 | Lair:5   | Reached skill level 17 in Axes
 13469 | Lair:6   | Entered Level 6 of the Lair of Beasts
 13593 | Lair:6   | Found a staircase to the Slime Pits.
 13662 | Lair:6   | Reached skill level 1 in Invocations
 13665 | Lair:6   | Received a gift from Okawaru
 13665 | Lair:6   | Reached XP level 14. HP: 110/129 MP: 13/13
 14540 | D:12     | Found a hide-covered altar of Uskayaw.
 14697 | D:12     | Found a staircase to the Orcish Mines.
 14829 | D:12     | Found a blossoming altar of Fedhas.
 15515 | Orc:1    | Entered Level 1 of the Orcish Mines
 15568 | Orc:1    | Noticed Fannar
 15589 | Orc:1    | Killed Fannar
 15612 | Orc:1    | Found Silakido's Weapon Boutique.
 15990 | Orc:2    | Entered Level 2 of the Orcish Mines
 15991 | Orc:2    | Found a staircase to the Elven Halls.
 16063 | Orc:2    | Found Xeamesm's Antique Weapon Boutique.
 16615 | Orc:2    | Noticed an orc warlord
 16625 | Orc:2    | Paralysed by an orc sorcerer for 5 turns
 16644 | Orc:2    | Paralysed by an orc sorcerer for 3 turns
 16647 | Orc:2    | HP: 3/131 [ice devil[an orc sorcerer] (8)]
 16647 | Orc:2    | Slain by an ice devil

Skill      XL: |  1  2  3  4  5  6  7  8  9 10 11 12 13 14 |
---------------+-------------------------------------------+-----
Armour         | 4 5 6 7 8 9 11 12 13 | 13.6
Axes           | 3 4 5 6 7 9 11 12 14 15 17 | 17.9
Fighting       | 4 5 6 7 8 10 11 12 13 14 | 14.2
Shields        | 4 5 6 7 8 10 11 12 13 | 13.8
Invocations    | 1 2 |  2.9

Action                   |  1- 3 |  4- 6 |  7- 9 | 10-12 | 13-15 || total
-------------------------+-------+-------+-------+-------+-------++-------
Melee: War axe           |    78 |   147 |   210 |   761 |   615 ||  1811
       Headbutt          |     8 |    23 |    52 |   151 |   161 ||   395
       Trident           |       |       |       |     6 |    27 ||    33
Invok: Heroism           |       |       |       |     2 |     2 ||     4
Evoke: Wand              |       |       |       |       |     1 ||     1
  Eat: Chunk             |       |     7 |     2 |    22 |    14 ||    45
       Meat ration       |       |       |     1 |       |       ||     1
       Pizza             |       |       |       |     1 |     2 ||     3
Armor: Scale mail        |    39 |       |       |       |       ||    39
       Chain mail        |     3 |    73 |   116 |   315 |       ||   507
       Plate armour      |       |       |       |    47 |   300 ||   347
Dodge: Dodged            |    16 |    43 |    38 |   192 |   116 ||   405
Block: Shield            |    37 |    72 |   121 |   447 |   377 ||  1054
